AoeStats
← 逆流

Nomad

507015740Analyzed
4v4 RM · 16d ago on Sep 16, 2026· 35m 52s· 8 players
Game mode
Random Map
Map size
231×231
Population
200
Speed
Normal
Resources
Standard
Victory
Conquest
Starting age
Dark Age
Ending age
Imperial Age
RankedLock teamsTeams togetherTeam positionsShared explorationLock speedFull tech treeHidden civsTurbo modeCheats
Victory
Defeat
🇫🇷 Berbers · France
1404
+13
🇨🇳 Italians · China
1404
+13
🇨🇳 Japanese · China
1244
+19
🇨🇳 Vikings · China
1244
+20
🇻🇳 Dravidians · Vietnam
1381
-18
🇨🇳 Malay · China
1332
-16
🇭🇰 Franks · Hong Kong SAR China
1331
-16
🇨🇳 Persians · China
1301
-15
Panchi
11:15 Loom
13:27 Feudal Age
14:46 Double-Bit Axe
17:08 Castle Age
19:10 Bow Saw
19:49 Gold Mining
25:16 Wheelbarrow
Dd
11:53 Loom
14:40 Feudal Age
19:41 Castle Age
17:37 Double-Bit Axe
20:07 Forging
19:46 Fishing Lines
21:19 Medium Warships
21:26 Gold Mining
24:19 Iron Casting
26:16 Squires
26:02 Arson
27:00 Gold Shaft Mining
26:46 Gillnets
Valodimer
5:14 Loom
15:07 Feudal Age
16:10 Double-Bit Axe
16:50 Fletching
23:43 Castle Age
24:05 Castle Age
24:53 Bodkin Arrow
25:12 Medium Warships
25:35 Bow Saw
26:48 Ballistics
27:12 Clinker Construction
27:14 Careening
29:17 Masonry
35:11 Demolition Ship
JieX
5:25 Loom
12:44 Feudal Age
13:05 Double-Bit Axe
17:45 Castle Age
17:15 Gold Mining
18:15 Fletching
19:10 Bodkin Arrow
25:27 Gold Shaft Mining
26:31 Ballistics
26:52 Padded Archer Armor
Tradog
15:15 Feudal Age
13:33 Loom
18:54 Castle Age
17:45 Double-Bit Axe
18:15 Stone Mining
18:32 Town Watch
21:04 Fletching
21:53 Gold Mining
22:19 Bodkin Arrow
23:36 Bow Saw
24:14 Ballistics
24:52 Padded Archer Armor
27:22 Horse Collar
31:29 Kasbah
32:59 Wheelbarrow
33:39 Gold Shaft Mining
36:30 Stone Shaft Mining
人生😈百态
4:55 Loom
13:46 Feudal Age
18:43 Castle Age
16:40 Fishing Lines
16:49 Double-Bit Axe
20:13 Bow Saw
23:35 Imperial Age
21:53 Gillnets
23:12 Fletching
24:02 Bodkin Arrow
27:57 Wheelbarrow
28:44 Chemistry
28:37 Wheelbarrow
28:42 Bracer
30:38 Town Watch
32:17 Padded Archer Armor
32:40 Ballistics
32:51 Town Patrol
34:22 Horse Collar
35:48 Stone Mining
35:53 Gold Mining
36:25 Leather Archer Armor
逆流
6:19 Loom
12:36 Feudal Age
15:25 Double-Bit Axe
20:39 Castle Age
19:52 Fletching
21:21 Gold Mining
24:31 Bodkin Arrow
28:01 Clinker Construction
28:20 Careening
28:53 Gold Shaft Mining
29:38 Medium Warships
32:11 Ballistics
31:57 Padded Archer Armor
33:07 Leather Archer Armor
duck
4:25 Loom
14:51 Feudal Age
15:49 Double-Bit Axe
19:28 Castle Age
17:29 Fishing Lines
17:49 Gold Mining
18:06 Stone Mining
20:30 Bow Saw
21:14 Gold Shaft Mining
20:46 Fletching
21:29 Bodkin Arrow
22:03 Padded Archer Armor
25:27 Leather Archer Armor
29:55 Wheelbarrow
31:13 Husbandry
31:24 Bloodlines
31:26 Thumb Ring
34:42 Ballistics
Connection lost

Rejoining the realm…

Still unreachable

The connection could not be restored.

Session expired

The server has moved on; the page needs a fresh start.